 Dungeon Crawl Stone Soup version 0.28.0-43-g3370ac3207 (webtiles) character file.

Game seed: 17220355330200777825

108 issech the Cudgeller (level 4, -8/45 HPs)
             Began as a Troll Monk on Mar 23, 2022.
             Killed by divine providence
             ... invoked by an orc priest
              (15 damage)
             ... on level 3 of the Dungeon.
             The game lasted 00:04:53 (1583 turns).

issech the Cudgeller (Troll Monk)                   Turns: 1583, Time: 00:04:54

Health: -8/45      AC:  4    Str: 19    XL:     4   Next: 58%
Magic:  3/3        EV: 11    Int: 12    God:
Gold:   103        SH:  0    Dex: 14    Spells: 3/3 levels left

rFire   . . .      SeeInvis .   a - +0 mace
rCold   . . .      Faith    .   (no shield)
rNeg    . . .      Spirit   .   b - +0 robe
rPois   .          Reflect  .   (helmet restricted)
rElec   .          Harm     .   (no cloak)
rCorr   .          Rampage  .   (gloves unavailable)
Will    .....                   (boots unavailable)
Stlth   ++........              p - amulet of magic regeneration
HPRegen 0.95/turn               l - +6 ring of intelligence
MPRegen 0.48/turn               (no ring)

@: no status effects
A: large, unfitting armour, claws 3, regeneration 1, shaggy fur 1, tough skin 1
a: no special abilities


You were on level 3 of the Dungeon.
You visited 1 branch of the dungeon, and saw 3 of its levels.

You collected 103 gold pieces.

Inventory:

Hand Weapons
 a - a +0 mace (weapon)
Missiles
 e - 63 stones (quivered)
 f - 36 sling bullets
 g - 22 bolts
 h - 9 arrows
Armour
 b - a +0 robe (worn)
Jewellery
 l - a +6 ring of intelligence (left claw)
 p - an amulet of magic regeneration (around neck)
Scrolls
 c - a scroll of holy word {unknown}
 d - a scroll of immolation {unknown}
 j - a scroll of acquirement {unknown}
 k - a scroll of amnesia {unknown}
 m - a scroll of teleportation {unknown}
 o - 2 scrolls of identify {unknown}
Potions
 i - 2 potions of might {unknown}
 n - 3 potions of curing {unknown}


   Skills:
 + Level 3.0 Fighting
 + Level 3.5 Maces & Flails
 + Level 3.3 Dodging
 + Level 1.1 Stealth


You had 3 spell levels left.
You didn't know any spells.
Your spell library contained the following spells:

 Spells                   Type           Power      Damage    Failure   Level
 Inner Flame              Hex/Fire       0%         N/A       69%         3
 Cause Fear               Hex            0%         N/A       97%         4
 Discord                  Hex            0%         N/A       100%        8


Dungeon Overview and Level Annotations

Branches:
Dungeon (3/15)

Altars:


Innate Abilities, Weirdness & Mutations

You are too large for most types of armour.
You have claws for hands.
Your natural rate of healing is unusually fast.
You are covered in fur. (AC +1)
You have tough skin. (AC +1)


Message History

The orc hits you with a +0 dagger.
The orc priest calls down the wrath of Beogh upon you.
Beogh smites you! The orc hits you with a +0 dagger.
You hit the orc.
You kill the orc!
You sock something! Something hits you but does no damage.
The orc priest calls down the wrath of Beogh upon you.
Beogh smites you!
* * * LOW HITPOINT WARNING * * *
You hear some strange, mumbled words.
A puff of flame appears from out of thin air!
The puff of flame hits something.
Something hits you.
* * * LOW HITPOINT WARNING * * *
You are poisoned.
You feel sick.
A magic dart appears from out of thin air!
The magic dart hits something!
Reactivating autopickup.
You feel a bit more experienced.
You feel sick.
You feel sick.
You feel sick.
You feel sick.
You feel sick.
You feel sick.
You are no longer poisoned.
A puff of flame appears from out of thin air!
Deactivating autopickup; reactivate with Ctrl-A.
The puff of flame hits you!
* * * LOW HITPOINT WARNING * * *
You are confused.
You're too confused to move!
You're too confused to move!
You bump into the rock wall.
You bump into the rock wall.
The orc hits you with a +0 whip.
* * * LOW HITPOINT WARNING * * *
You feel less confused.
The orc priest mumbles some strange prayers to Beogh against you.
Beogh smites you!
You die...

.. #..)........# ##
####........#
#........#
#.......†# ########
#.......<# #......#
#.)......#
###......#
##...######
.........######>.#.#
###....†o.@.....##.#
###...o..#########.#
#...>.{o.# ..
...#.....†####.# #
###...........#
#######.o.....#####
.......o#######
#######.# #######.#


You could see an orc priest and 4 orcs.

Vanquished Creatures
  4 adders
  A worm (D:2)
  6 dart slugs
  2 orcs (D:3)
  3 ball pythons
  6 bats
  3 endoplasms
  A giant cockroach (D:1)
  4 hobgoblins
  2 kobolds (D:1)
  3 quokkas (D:1)
  2 frilled lizards
  5 rats
42 creatures vanquished.

Vanquished Creatures (others)
  An orc wizard (D:3)
1 creature vanquished.

Grand Total: 43 creatures vanquished

Notes
Turn   | Place    | Note
-------+----------+-------------------------------------------
     0 | D:1      | issech the Troll Monk began the quest for the Orb.
     0 | D:1      | Reached XP level 1. HP: 22/22 MP: 0/0
    89 | D:1      | Reached XP level 2. HP: 29/29 MP: 1/1
   179 | D:1      | Found a faded altar of an unknown god.
   582 | D:2      | Reached XP level 3. HP: 20/36 MP: 2/2
  1316 | D:3      | Reached XP level 4. HP: 44/44 MP: 3/3
  1576 | D:3      | HP: 1/45 [something/puff of flame (8)]
  1583 | D:3      | Killed from afar by an orc priest

Illustrated notes

Levels and vault maps discovered:
D:1:      psy_arrival_fountain, layout_rooms, basic_ecumenical_altar
D:2:      layout_basic
D:3:      layout_rooms, serial_curves, eino_curves_01, eino_curves_02

Skill      XL: |  1  2  3  4 |
---------------+-------------+-----
Maces & Flails | 3 |  3.5
Dodging        | 3 |  3.3
Fighting       | 3 |  3.0
Stealth        | |  1.1

Action                   |  1- 3 |  4- 6 || total
-------------------------+-------+-------++-------
Melee: Mace              |   113 |    41 ||   154
       Punch             |     1 |     1 ||     2
 Stab: Sleeping          |     2 |       ||     2
Armor: Robe              |    44 |    17 ||    61
Dodge: Dodged            |    86 |    26 ||   112
